 Dungeon Crawl Stone Soup version 0.25.1-2-g60ff931df9 (webtiles) character file.

Game seed: 11225882318380900952

255 Drachen the Slasher (level 5, -2/41 HPs)
             Began as a Demonspawn Gladiator on Oct 20, 2020.
             Killed from afar by an orc wizard (10 damage)
             ... with a puff of flame
             ... on level 4 of the Dungeon.
             The game lasted 00:05:42 (3548 turns).

Drachen the Slasher (Demonspawn Gladiator)          Turns: 3548, Time: 00:05:43

Health: -2/41      AC:  6    Str: 14 (15) XL:     5   Next: 91%
Magic:  5/5        EV: 11    Int:  7 (10) God:
Gold:   172        SH:  5    Dex: 13 (14) Spells: 4/4 levels left

rFire    . . .     SeeInvis .   a - +0 long sword
rCold    . . .     Gourm    .   (no shield)
rNeg     . . .     Faith    .   l - +0 ring mail (curse)
rPois    .         Spirit   .   c - +0 helmet
rElec    .         Reflect  +   (no cloak)
rCorr    .         Harm     .   (no gloves)
MR       .....                  (no boots)
Stlth    +.........             h - amulet of reflection
HPRegen  0.13/turn              (no ring)
MPRegen  0.09/turn              (no ring)

@: flying
A: powered by pain 1, rot immunity
a: no special abilities


You were on level 4 of the Dungeon.
You were not hungry.

You visited 1 branch of the dungeon, and saw 4 of its levels.

You collected 172 gold pieces.

Inventory:

Hand Weapons
 a - a +0 long sword (weapon)
Missiles
 d - 3 throwing nets (quivered)
 r - 18 poisoned darts
Armour
 c - a +0 helmet (worn)
 l - a cursed +0 ring mail (worn)
Jewellery
 h - an amulet of reflection (around neck)
Scrolls
 e - a scroll of fog {unknown}
 g - 2 scrolls of enchant armour {unknown}
 i - a scroll of fear {unknown}
 k - 3 scrolls of teleportation {unknown}
 m - 4 scrolls of identify {unknown}
 n - 2 scrolls of remove curse {unknown}
 o - 2 scrolls of enchant weapon {unknown}
 s - 2 scrolls of immolation {unknown}
Potions
 b - a potion of flight
 j - a potion of mutation {unknown}
 p - a potion of degeneration
 t - a potion of magic {unknown}
Comestibles
 f - 7 rations


   Skills:
 - Level 3.0 Fighting
 + Level 5.6 Long Blades
 - Level 1.9 Throwing
 - Level 2.6 Dodging


You had 4 spell levels left.
You didn't know any spells.
Your spell library was empty.

Dungeon Overview and Level Annotations

Branches:
Dungeon (4/15)
 Temple: D:4-7

Altars:
Wu Jian


Innate Abilities, Weirdness & Mutations

You sometimes gain a little power by taking damage.
You are immune to rotting.


Message History

Quiver which item? (- for none, * to show all) (? for menu, Esc to quit)
Okay, then.
There are monsters nearby!
You miss something.
You hear some strange, mumbled words.
A puff of flame appears from out of thin air!
The puff of flame hits you.
* * * LOW HITPOINT WARNING * * *
It was a potion of flight.
You feel very buoyant.
You fly up into the air.
Something hits you but does no damage. Something hits you.
* * * LOW HITPOINT WARNING * * *
It was a potion of degeneration.
There was something very wrong with that liquid.
You feel weakened.
You feel dopey.
You feel clumsy.
You hear some strange, mumbled words.
A puff of flame appears from out of thin air!
The puff of flame hits you!
You die...

.# ##.## #...# #...#
#...# #####...##### #
###........)..####.#..#.
...............@{oo.....
###...........####......
#####...##### .>...
###...### #... #.......#
.. #.^.....# # #.##.##.#
######.##.##.#####
.....#.##.#......#


You could see 2 orcs.

Vanquished Creatures
  A phantom (D:4)
  8 adders
  An ooze (D:1)
  2 worms
  2 dart slugs (D:1)
  2 leopard geckos
  5 giant cockroaches
  7 goblins
  14 hobgoblins
  5 jackals (D:1)
  A quokka (D:3)
  2 ball pythons
  13 bats
  12 kobolds
  3 rats
78 creatures vanquished.

Notes
Turn   | Place    | Note
-------+----------+-------------------------------------------
     0 | D:1      | Drachen the Demonspawn Gladiator began the quest for the
                  | Orb.
     0 | D:1      | Reached XP level 1. HP: 16/16 MP: 1/1
   124 | D:1      | Reached skill level 3 in Long Blades
   265 | D:1      | Gained mutation: You are immune to rotting. [demonic
                  | ancestry]
   265 | D:1      | Reached XP level 2. HP: 15/22 MP: 2/2
   725 | D:1      | Reached XP level 3. HP: 19/28 MP: 3/3
  1514 | D:2      | Reached XP level 4. HP: 35/35 MP: 4/4
  1564 | D:2      | Reached skill level 4 in Long Blades
  1623 | D:2      | Found an ornate altar of the Wu Jian Council.
  1915 | D:3      | Found a faded altar of an unknown god.
  2325 | D:3      | Gained mutation: You sometimes gain a little power by
                  | taking damage. [demonic ancestry]
  2325 | D:3      | Reached XP level 5. HP: 31/41 MP: 5/5
  3286 | D:4      | Noticed a phantom
  3298 | D:4      | Killed a phantom
  3298 | D:4      | Reached skill level 5 in Long Blades
  3548 | D:4      | Killed from afar by an orc wizard

Illustrated notes

Levels and vault maps discovered:
D:1:      dpeg_arrival_tiny_g, layout_loops_corners,
          minmay_misc_feat_four_crosses, minmay_pentomino_z2
D:2:      layout_rooms, marbit_many_paths, first_ration,
          chequers_decorated_corner, grunt_decor_cap
D:3:      layout_basic, chequers_ecumenical_altar_simple,
          chequers_serial_rivers_micro_a
D:4:      layout_loops_cross, uniq_pikel, uniq_eustachio

Skill      XL: |  1  2  3  4  5 |
---------------+----------------+-----
Long Blades    | 3 4 5 |  5.6
Fighting       | 3 |  3.0
Throwing       | |  1.9
Dodging        | |  2.6

Action                   |  1- 3 |  4- 6 || total
-------------------------+-------+-------++-------
Melee: Long sword        |   132 |   144 ||   276
Throw: Throwing net      |       |     1 ||     1
  Use: Potion            |       |     2 ||     2
  Eat: Chunk             |     2 |     7 ||     9
Armor: Ring mail         |    70 |    51 ||   121
Dodge: Dodged            |    78 |    63 ||   141
Block: Other             |    20 |    26 ||    46
       Rpst.: Long sword |    26 |    21 ||    47
